 Dungeon Crawl Stone Soup version 0.31.0-1-g2c135a008e (webtiles) character file.

Game seed: 3467866751689382554

304 qw the Shooter (level 6, -1/46 HPs)
             Began as a Djinni Hunter on Jan 23, 2024.
             Slain by a sleepcap (5 damage)
             ... on level 4 of the Dungeon.
             The game lasted 00:00:10 (2242 turns).

qw the Shooter (Djinni Hunter)                      Turns: 2242, Time: 00:00:11

Health: -1/46      AC:  6    Str: 10    XL:     6   Next: 66%
Gold:   120        EV: 12    Int: 11    God:
                   SH:  0    Dex: 24

rFire   + + .        a - +3 shortbow (heavy)
rCold   x . .        (shield currently unavailable)
rNeg    . . .        f - +0 ring mail
rPois   inf          b - +0 helmet
rElec   .            (no cloak)
rCorr   .            (no gloves)
SInv    .            (boots unavailable)
Will    .....        (no amulet)
Stlth   +            i - +6 ring of dexterity
HPRegen 0.27/turn    (no ring)
MPRegen 0.00/turn

%: infuse magic (-2 HP)
@: about to teleport, flying
A: sickness immunity, fire resistance 2, cold vulnerability 1, float, innate
caster, HP casting, extra vitality 1
a: no special abilities


You were on level 4 of the Dungeon.
You visited 1 branch of the dungeon, and saw 4 of its levels.

You collected 120 gold pieces.


Innate Abilities, Weirdness & Mutations

You are immune to sickness and miasma.
You are immune to poison.
Your flesh is very heat resistant. (rF++)
You are vulnerable to cold. (rC-)
You float through the air rather than walking.
You learn spells naturally, not from books.
Your magical power is your life essence.
You have superior vitality. (+4 MHP)


   Skills:
 + Level 3.5 Fighting
 - Level 5.3 Ranged Weapons
 - Level 1.0 Armour
 - Level 3.0 Dodging
 - Level 0.7 Stealth


You knew the following spells:

 Your Spells              Type           Power      Damage    Failure   Level
a - Slow                  Hex            0%         N/A       65%         1
b - Lesser Beckoning      Tloc           0%         N/A       80%         2
Your spell library was empty.

Inventory:

Hand Weapons
 a - a +3 heavy shortbow (weapon)
Armour
 b - a +0 helmet (worn)
 c - a +2 robe of willpower
 f - a +0 ring mail (worn)
Jewellery
 i - a +6 ring of dexterity (left hand)
 o - a ring of fire
Scrolls
 e - 3 scrolls of teleportation
 h - a scroll of identify
Potions
 d - a potion of enlightenment
 g - a potion of attraction {unknown}
 k - a potion of heal wounds {unknown}

Dungeon Overview and Level Annotations

Branches:
Dungeon (4/15)
 Temple: D:4-7

Altars:

Annotations:
D:4 1 transporter


Message History

The gnoll bouda is healed somewhat.
A kobold comes into view.
It is wielding a +0 whip and quivering poisoned darts.
The sleepcap closely misses you.
The gnoll hits you from afar with a +0 spear.
The gnoll hits you with a +0 flail.
The sleepcap releases spores at you but does no damage.
The gnoll bouda hits you with a +0 club.
The gnoll completely misses you. The gnoll closely misses you.
You shoot an arrow. The kobold shouts!
The arrow hits the gnoll bouda but does no damage.
The gnoll bouda is heavily wounded.
You hear a shout! x3
The gnoll bouda hits you with a +0 club!
The sleepcap barely misses you.
The gnoll hits you from afar with a +0 spear.
The gnoll misses you.
The gnoll bouda hits you but does no damage.
The sleepcap closely misses you.
The gnoll hits you from afar with a +0 spear.
You shoot an arrow. The arrow hits the gnoll bouda!
You kill the gnoll bouda!
The gnoll misses you. The sleepcap barely misses you.
The gnoll barely misses you. The gnoll completely misses you.
The gnoll hits you with a +0 club.
The sleepcap releases spores at you but does no damage.
You shoot an arrow. The arrow hits the sleepcap!!
The sleepcap is severely damaged.
Your attacks no longer feel as feeble.
The gnoll misses you. x2; The gnoll hits you with a +0 club.
The sleepcap releases spores at you but does no damage.
The gnoll hits you from afar with a +0 spear.
The gnoll misses you. The gnoll barely misses you. The sleepcap misses you.
2242 ||| READING 4 scrolls of teleportation.
As you read the scroll of teleportation, it crumbles to dust.
You feel strangely unstable.
The gnoll hits you from afar with a +0 spear.
The gnoll hits you with a +0 flail. The gnoll misses you.
The sleepcap releases spores at you.
You die...

<.....##.. .##
......#. ....
....... ....##.)...
.......... ..
[.....Kgg ...
......fg# .... #g@##
#.... .
#####...##.....
.#.............. ##
.............#.. ...
###.###......#
...#.....#(....###
##.#...>.#.........
#.....%............
##..#.....#.......##


You could see a sleepcap, 4 gnolls and a kobold.

Vanquished Creatures
  Blork the orc (D:4)
  A scorpion (D:4)
  A bombardier beetle (D:4)
  A gnoll bouda (D:4)
  An adder (D:4)
  A gnoll (D:4)
  3 river rats (D:4)
  A ribbon worm (D:4)
  A dart slug (D:2)
  2 orcs (D:4)
  4 ball pythons
  4 endoplasms
  4 giant cockroaches
  10 hobgoblins
  4 jackals (D:1)
  10 quokkas
  4 bats
  2 frilled lizards
  4 goblins
  A kobold (D:1)
  5 rats
65 creatures vanquished.

Notes
Turn   | Place    | Note
-------+----------+-------------------------------------------
     0 | D:1      | qw the Djinni Hunter began the quest for the Orb.
     0 | D:1      | Reached XP level 1. HP: 18/18 MP: 0/0
     0 | D:1      | 0 ||| qw: Version: 0.3-a-136-gdd3b4e8
     0 | D:1      | 0 ||| qw: Game counter: 1078
     0 | D:1      | 0 ||| qw: Melee chars always use a shield: true
     0 | D:1      | 0 ||| qw: God list: Okawaru
     0 | D:1      | 0 ||| qw: Allow faded altars: false
     0 | D:1      | 0 ||| qw: Do Orc after clearing Dungeon:15 true
     0 | D:1      | 0 ||| qw: Do second Lair branch before Depths: true
     0 | D:1      | 0 ||| qw: Lair rune preference: random
     0 | D:1      | 0 ||| qw: Goals: Normal
     0 | D:1      | 0 ||| PLANNING D:1-11
   191 | D:1      | Reached XP level 2. HP: 23/23 MP: 0/0
   283 | D:1      | 283 ||| RETREEEEATING.
   284 | D:1      | 284 ||| RETREEEEATING.
   285 | D:1      | 285 ||| RETREEEEATING.
   286 | D:1      | 286 ||| RETREEEEATING.
   287 | D:1      | 287 ||| RETREEEEATING.
   393 | D:1      | Reached skill level 4 in Ranged Weapons
   393 | D:1      | Reached XP level 3. HP: 28/28 MP: 0/0
   393 | D:1      | Learned a level 1 spell: Slow
   657 | D:1      | 657 ||| UPGRADING to +0 ring mail.
   667 | D:1      | 667 ||| DROPPING +0 leather armour.
   668 | D:1      | 668 ||| UPGRADING to +1 hat.
   673 | D:1      | 673 ||| READING scroll labelled FAXKUPRORR.
   673 | D:1      | 673 ||| BRANDING +0 shortbow.
   674 | D:1      | 674 ||| READING scroll labelled MAESASK USIQ.
   679 | D:1      | 679 ||| READING 2 scrolls labelled NICORE PETEGEUPT.
   679 | D:1      | 679 ||| IDENTIFYING ruby potion
   680 | D:1      | 680 ||| READING scroll of identify.
   680 | D:1      | 680 ||| IDENTIFYING bubbling dark potion
   681 | D:1      | 681 ||| READING 3 scrolls labelled VUAROSUBBO.
   682 | D:1      | 682 ||| READING scroll labelled LUFRIT KYNE.
   683 | D:1      | 683 ||| READING scroll labelled YKEOMEANONY.
   784 | D:1      | 784 ||| READING scroll labelled HURUAZU TEOMI.
   885 | D:1      | 885 ||| DROPPING scroll of butterflies.
   886 | D:1      | 886 ||| DROPPING potion of degeneration.
   887 | D:1      | 887 ||| DROPPING 2 scrolls of amnesia.
  1059 | D:2      | Reached skill level 1 in Armour
  1297 | D:2      | Reached XP level 4. HP: 34/34 MP: 0/0
  1321 | D:2      | 1321 ||| UPGRADING to +0 helmet.
  1331 | D:2      | 1331 ||| DROPPING +1 hat.
  1332 | D:2      | 1332 ||| READING 2 scrolls labelled MUC GIDAYKKOM.
  1332 | D:2      | 1332 ||| ENCHANTING +0 heavy shortbow.
  1333 | D:2      | 1333 ||| READING scroll of enchant weapon.
  1333 | D:2      | 1333 ||| ENCHANTING +1 heavy shortbow.
  1399 | D:3      | 1399 ||| READING scroll of enchant weapon.
  1399 | D:3      | 1399 ||| ENCHANTING +2 heavy shortbow.
  1952 | D:3      | Identified the +7 long sword of Sharkskin {vamp, Int+4}
  1981 | D:3      | 1981 ||| UPGRADING to +6 ring of dexterity.
  1982 | D:3      | 1982 ||| READING scroll labelled PEUGUAFEUMA.
  1983 | D:3      | 1983 ||| READING 2 scrolls labelled FOTOQOYXKO.
  1984 | D:3      | 1984 ||| READING scroll labelled DOTZUENL TEOR.
  1985 | D:3      | 1985 ||| DROPPING scroll of fear.
  2004 | D:4      | 2004 ||| PLANNING SEWER
  2007 | D:4      | Reached skill level 3 in Fighting
  2015 | D:4      | Noticed Blork the orc
  2020 | D:4      | Reached skill level 3 in Dodging
  2028 | D:4      | Killed Blork the orc
  2029 | D:4      | Reached XP level 5. HP: 23/40 MP: 0/0
  2029 | D:4      | Learned a level 2 spell: Lesser Beckoning
  2139 | D:4      | Reached XP level 6. HP: 46/46 MP: 0/0
  2166 | D:4      | Reached skill level 5 in Ranged Weapons
  2226 | D:4      | Found a transporter.
  2241 | D:4      | HP: 10/46 [gnoll/+0 spear[a gnoll bouda] (4)]
  2242 | D:4      | 2242 ||| READING 4 scrolls of teleportation.
  2242 | D:4      | HP: 4/46 [gnoll/+0 flail[a gnoll bouda] (5)]
  2242 | D:4      | Slain by a sleepcap

Levels and vault maps discovered:
D:1:      dpeg_arrival_orchard, layout_basic
D:2:      layout_basic, kennysheep_generic_room_7
D:3:      layout_loops_ring
D:4:      layout_cave_pools, portal_sewer_entry_a, gammafunk_ghost_stat_death,
          st_stairs_3, nicolae_shop_overcharged_wands, uniq_crazy_yiuf_cottage,
          uniq_blork_the_orc

Skill      XL: |  1  2  3  4  5  6 |
---------------+-------------------+-----
Ranged Weapons | 4 5 |  5.3
Armour         | 1 |  1.0
Fighting       | 3 |  3.5
Dodging        | 3 |  3.0
Stealth        | |  0.7

Action                     |  1- 3 |  4- 6 || total
---------------------------+-------+-------++-------
   Fire: Shortbow          |   114 |    55 ||   169
    Use: Scroll            |     8 |     7 ||    15
 Armour: Leather armour    |    28 |       ||    28
         Ring mail         |    26 |    25 ||    51
  Dodge: Dodged            |    69 |    22 ||    91

Table legend:
 A = Non-vault XP
 B = Vault XP
 C = Vault XP percentage of total XP
 D = Non-vault monster count
 E = Vault monster count
 F = Vault count percentage of total count
                 A         B        C        D         E       F
            +---------+---------+-------+---------+---------+-------
      Total |     275 |     160 |  36.8 |      52 |      13 |  20.0
            +---------+---------+-------+---------+---------+-------
        D:1 |      40 |       0 |   0.0 |      22 |       0 |   0.0
        D:2 |      25 |       5 |  16.7 |      14 |       3 |  17.6
        D:3 |      13 |       0 |   0.0 |       7 |       0 |   0.0
        D:4 |     197 |     155 |  44.0 |       9 |      10 |  52.6
            +---------+---------+-------+---------+---------+-------
